 Dungeon Crawl Stone Soup version 0.29-a0-311-gcbd9eb2193 (webtiles) character file.

Game seed: 14598526492521302074

408 Ajdolov the Bolt Thrower (level 6, -1/51 HPs)
             Began as a Gnoll Wanderer on Mar 28, 2022.
             Slain by Pargi (4 damage)
             ... in a sewer.
             The game lasted 00:04:44 (3302 turns).

Ajdolov the Bolt Thrower (Gnoll Wanderer)           Turns: 3302, Time: 00:04:45

Health: -1/51      AC:  3    Str:  8    XL:     6   Next: 88%
Magic:  9/9        EV: 15    Int:  9    God:
Gold:   155        SH:  0    Dex: 19    Spells: 9/9 levels left

rFire   . . .      SeeInvis .   b - +0 short sword
rCold   . . .      Faith    .   (no shield)
rNeg    . . .      Spirit   .   e - +0 robe
rPois   .          Reflect  .   c - +0 helmet
rElec   .          Harm     .   (no cloak)
rCorr   .          Rampage  .   (no gloves)
Will    .....                   (no boots)
Stlth   ++........              (no amulet)
HPRegen 0.17/turn               (no ring)
MPRegen 0.11/turn               (no ring)

@: no status effects
A: fangs 1, strong nose, distributed training
a: no special abilities


You were in a sewer.
You visited 1 branch of the dungeon, and saw 4 of its levels.
You also visited: Sewer.

You collected 155 gold pieces.

Inventory:

Hand Weapons
 a - a +0 vorpal hand crossbow
 b - a +0 short sword (weapon)
Armour
 c - a +0 helmet (worn)
 e - a +0 robe (worn)
Wands
 o - a wand of flame (9)
 v - a wand of charming (6)
Scrolls
 d - 2 scrolls of brand weapon {unknown}
 f - a scroll of magic mapping {unknown}
 i - 4 scrolls of identify {unknown}
 m - 2 scrolls of fear {unknown}
 n - 2 scrolls of immolation {unknown}
 q - a scroll of noise {unknown}
 s - a scroll of amnesia {unknown}
 u - a scroll of holy word {unknown}
Potions
 g - 4 potions of curing {unknown}
 h - 2 potions of brilliance
 j - 2 potions of degeneration {unknown}
 k - a potion of haste {unknown}
 l - a potion of magic {unknown}
 p - 2 potions of attraction {unknown}
 r - a potion of heal wounds {unknown}
 t - a potion of ambrosia {unknown}


   Skills:
 + Level 5.1 Fighting
 + Level 6.9 Short Blades
 + Level 2.1 Long Blades
 + Level 2.1 Axes
 + Level 2.1 Maces & Flails
 + Level 2.1 Polearms
 + Level 2.1 Staves
 + Level 2.1 Slings
 + Level 2.1 Bows
 + Level 6.9 Crossbows
 + Level 2.1 Throwing
 + Level 2.1 Armour
 + Level 5.1 Dodging
 + Level 2.1 Stealth
 + Level 2.1 Shields
 + Level 2.1 Unarmed Combat
 + Level 2.1 Spellcasting
 + Level 1.7 Conjurations
 + Level 1.7 Hexes
 + Level 1.7 Summonings
 + Level 1.7 Necromancy
 + Level 1.7 Translocations
 + Level 1.7 Transmutations
 + Level 1.7 Fire Magic
 + Level 1.7 Ice Magic
 + Level 1.7 Air Magic
 + Level 1.7 Earth Magic
 + Level 1.7 Poison Magic
 + Level 2.4 Invocations
 + Level 2.1 Evocations


You had 9 spell levels left.
You didn't know any spells.
Your spell library contained the following spells:

 Spells                   Type           Power      Damage    Failure   Level
 Sting                    Tmut/Pois      16%        1d3       16%         1
 Poisonous Vapours        Pois/Air       8%         N/A       24%         2
 Olgreb's Toxic Radiance  Pois           4%         N/A       85%         4


Dungeon Overview and Level Annotations

Branches:
Dungeon (4/15)              Sewer (1/1)
 Temple: D:4-7

Altars:

Shops:
D:3 (

Annotations:
Sewer Pargi


Innate Abilities, Weirdness & Mutations

You have very sharp teeth.
Your uncanny sense of smell can sniff out nearby items.
Your experience applies equally to all skills.


Message History

Pargi barely misses you. Pargi misses you. Pargi claws you.
You hit Pargi. You bite Pargi.
Pargi is severely wounded.
Pargi barely misses you. Pargi claws you. Pargi claws you but does no damage.
You hit Pargi.
Pargi is severely wounded.
Pargi bites you! Pargi claws you. Pargi closely misses you.
You hit Pargi.
Pargi is severely wounded.
Pargi bites you.
* * * LOW HITPOINT WARNING * * *
Pargi claws you.
* * * LOW HITPOINT WARNING * * *
Pargi closely misses you.
You barely miss Pargi.
Pargi is severely wounded.
You barely miss Pargi.
Pargi is severely wounded.
Pargi closely misses you. x2; Pargi barely misses you.
You barely miss Pargi.
Pargi is severely wounded.
Pargi completely misses you. Pargi misses you. Pargi claws you.
* * * LOW HITPOINT WARNING * * *
Unknown command.
You hit Pargi. You bite Pargi, but do no damage.
Pargi is almost dead.
Pargi barely misses you. Pargi closely misses you. Pargi claws you.
* * * LOW HITPOINT WARNING * * *
You hit Pargi but do no damage.
Pargi is almost dead.
Unknown command.
You closely miss Pargi.
Pargi is almost dead.
Pargi bites you.
* * * LOW HITPOINT WARNING * * *
Pargi barely misses you. Pargi claws you but does no damage.
You closely miss Pargi. You punch Pargi.
Pargi is almost dead.
Pargi bites you.
You die...

#.≈.≈≈≈≈.≈≈≈≈≈≈≈≈≈≈≈≈≈#
#.#.≈≈.#≈≈≈≈≈≈≈≈≈≈≈≈≈≈#
##∩∩.#.≈≈≈≈≈≈≈≈≈≈≈≈≈#
##.###≈≈≈≈≈≈≈≈≈≈≈≈≈#
### ###.≈≈≈≈≈≈≈≈≈≈#
#≈≈≈≈≈≈≈≈≈≈≈≈
##≈.≈≈≈≈≈≈≈≈#
#.#≈≈≈≈≈≈≈≈#
###@≈≈≈≈≈≈≈# ##T≈≈≈≈≈≈≈
∆∆ .S≈≈≈≈≈≈≈ ∆
#..≈≈≈≈≈≈≈ ∆ #≈≈≈≈≈≈≈≈#
.≈≈≈≈≈≈≈≈≈ ≈≈≈≈≈≈≈≈≈#
≈≈≈≈≈≈≈≈≈≈≈


You could see Pargi and a ball python.

Vanquished Creatures
  An ogre (D:4)
  2 jellies
  Ijyb (D:2)
  An iguana (D:3)
  An orc wizard (D:3)
  2 river rats (D:4)
  10 adders
  2 adder zombies (D:3)
  2 worms (D:2)
  2 dart slugs
  3 orcs
  7 bats
  4 endoplasms
  4 giant cockroaches
  3 goblins
  4 hobgoblins (D:1)
  2 kobolds (D:1)
  3 quokkas
  5 ball pythons
  5 frilled lizards
  8 rats
72 creatures vanquished.

Notes
Turn   | Place    | Note
-------+----------+-------------------------------------------
     0 | D:1      | Ajdolov the Gnoll Wanderer began the quest for the Orb.
     0 | D:1      | Ajdolov set off with the following items: a +0 vorpal hand
                  | crossbow, a +0 short sword, a +0 helmet, a potion of
                  | berserk rage, a +0 robe
     0 | D:1      | Reached XP level 1. HP: 20/20 MP: 1/1
   224 | D:1      | Reached XP level 2. HP: 26/26 MP: 2/2
   341 | D:1      | Reached XP level 3. HP: 31/31 MP: 3/3
   857 | D:2      | Reached skill level 1 in Invocations
   981 | D:2      | Reached skill level 1 in Long Blades
   981 | D:2      | Reached skill level 1 in Axes
   981 | D:2      | Reached skill level 1 in Maces & Flails
   981 | D:2      | Reached skill level 1 in Polearms
   981 | D:2      | Reached skill level 1 in Staves
   981 | D:2      | Reached skill level 1 in Slings
   981 | D:2      | Reached skill level 1 in Bows
   981 | D:2      | Reached skill level 1 in Throwing
   981 | D:2      | Reached skill level 1 in Armour
   981 | D:2      | Reached skill level 1 in Stealth
   981 | D:2      | Reached skill level 1 in Shields
   981 | D:2      | Reached skill level 1 in Unarmed Combat
   981 | D:2      | Reached skill level 1 in Spellcasting
   981 | D:2      | Reached skill level 1 in Evocations
  1192 | D:2      | Reached XP level 4. HP: 38/38 MP: 5/5
  1509 | D:3      | Found Hicev's Weapon Emporium.
  1538 | D:3      | Reached skill level 1 in Conjurations
  1538 | D:3      | Reached skill level 1 in Hexes
  1538 | D:3      | Reached skill level 1 in Summonings
  1538 | D:3      | Reached skill level 1 in Necromancy
  1538 | D:3      | Reached skill level 1 in Translocations
  1538 | D:3      | Reached skill level 1 in Transmutations
  1538 | D:3      | Reached skill level 1 in Fire Magic
  1538 | D:3      | Reached skill level 1 in Ice Magic
  1538 | D:3      | Reached skill level 1 in Air Magic
  1538 | D:3      | Reached skill level 1 in Earth Magic
  1538 | D:3      | Reached skill level 1 in Poison Magic
  1541 | D:3      | Reached XP level 5. HP: 43/43 MP: 6/6
  1774 | D:3      | Noticed Ijyb
  2195 | D:2      | Killed Ijyb
  2681 | D:3      | Reached XP level 6. HP: 48/50 MP: 8/8
  3024 | D:4      | Reached skill level 5 in Fighting
  3024 | D:4      | Reached skill level 5 in Dodging
  3184 | D:4      | Found a glowing drain.
  3209 | Sewer    | Entered a sewer
  3272 | Sewer    | Noticed Pargi
  3302 | Sewer    | Slain by Pargi

Illustrated notes

Levels and vault maps discovered:
D:1:      kennysheep_arrival_seaside, layout_basic,
          shapermc_ecumenical_altar_petra, minmay_heptomino_w4
D:2:      layout_basic
D:3:      layout_basic, serial_shops, nicolae_shop_bloodbath_and_beyond,
          serial_undead, serial_undead_b, serial_undead_d, serial_undead_a,
          serial_undead_c, minmay_between, uniq_ijyb
D:4:      layout_loops_ring, nicolae_overflow_hidden_temple,
          lightli_sewer_entry_pipes, uniq_pikel
Sewer:    sewer_co_pargi_island

Skill      XL: |  1  2  3  4  5  6 |
---------------+-------------------+-----
Invocations    | 1 2 |  2.4
Long Blades    | 1 2 |  2.1
Axes           | 1 2 |  2.1
Maces & Flails | 1 2 |  2.1
Polearms       | 1 2 |  2.1
Staves         | 1 2 |  2.1
Slings         | 1 2 |  2.1
Bows           | 1 2 |  2.1
Throwing       | 1 2 |  2.1
Armour         | 1 2 |  2.1
Stealth        | 1 2 |  2.1
Shields        | 1 2 |  2.1
Unarmed Combat | 1 2 |  2.1
Spellcasting   | 1 2 |  2.1
Evocations     | 1 2 |  2.1
Conjurations   | 1 |  1.7
Hexes          | 1 |  1.7
Summonings     | 1 |  1.7
Necromancy     | 1 |  1.7
Translocations | 1 |  1.7
Transmutations | 1 |  1.7
Fire Magic     | 1 |  1.7
Ice Magic      | 1 |  1.7
Air Magic      | 1 |  1.7
Earth Magic    | 1 |  1.7
Poison Magic   | 1 |  1.7
Fighting       | 5 |  5.1
Dodging        | 5 |  5.1
Short Blades   | |  6.9
Crossbows      | |  6.9

Action                   |  1- 3 |  4- 6 || total
-------------------------+-------+-------++-------
Melee: Short sword       |    19 |   152 ||   171
       Bite              |     3 |    27 ||    30
       Punch             |       |     5 ||     5
 Fire: Hand crossbow     |    68 |    57 ||   125
Throw: Throwing net      |       |     1 ||     1
  Use: Potion            |       |     2 ||     2
 Stab: Held in net/web   |       |     1 ||     1
Armor: Robe              |     8 |    29 ||    37
Dodge: Dodged            |    33 |    99 ||   132

Table legend: (Time is in decaauts)
 A = Elapsed time spent in this place.
 B = Non-inter-level travel time spent in this place.
 C = Inter-level travel time spent in this place.
 D = Time resting spent in this place.
 E = Time spent auto-exploring this place.
 F = Levels seen in this place.
 G = Mean time per level.
                   A        B        C        D        E       F      G
               +--------+--------+--------+--------+--------+-----+--------+
         Total |   3303 |   3213 |     90 |    882 |   1822 |   5 |  660.6 |
       Dungeon |   3212 |   3122 |     90 |    882 |   1767 |   4 |  803.0 |
         Sewer |     91 |     91 |      0 |      0 |     55 |   1 |   91.0 |
               +--------+--------+--------+--------+--------+-----+--------+

Top non-repeatable levels by time:
     D:2: 1324 daAuts
     D:1: 818 daAuts
     D:3: 789 daAuts
     D:4: 279 daAuts
   Sewer: 91 daAuts
